 Dungeon Crawl Stone Soup version 0.25-a0-356-g7c9d860b3b (webtiles) character file.

Game seed: 4610035710189685544, levelgen mode: deterministic

102 Borgoz the Slasher (level 4, -8/28 HPs)
             Began as a Gargoyle Gladiator on Jan 3, 2020.
             Was an Initiate of Ashenzari.
             Splashed by a jelly's acid (9 damage)
             ... on level 1 of the Dungeon.
             The game lasted 00:01:47 (1340 turns).

Borgoz the Slasher (Gargoyle Gladiator)             Turns: 1340, Time: 00:01:48

Health: -8/28      AC:  9    Str: 17    XL:     4   Next: 78%
Magic:  4/4        EV: 13    Int:  9    God:    Ashenzari [......]
Gold:   57         SH:  0    Dex: 17    Spells: 3/3 levels left

rFire    . . .     SeeInvis .   a - +0 long sword (curse)
rCold    . . .     Gourm    .   (no shield)
rNeg     + + .     Faith    .   e - +4 chain mail {rN+}
rPois    ∞         Spirit   .   c - +0 helmet
rElec    +         Reflect  .   (no cloak)
rCorr    .         Harm     .   (no gloves)
MR       .....                  (no boots)
Stlth    ..........             (no amulet)
HPRegen  0.09/turn              (no ring)
MPRegen  0.09/turn              (no ring)

@: agile, corroded
A: negative energy resistance 1, electricity resistance, unbreathing,
petrification resistance, rot immunity, AC +3
a: Curse Item, Renounce Religion


You were on level 1 of the Dungeon.
You worshipped Ashenzari.
Ashenzari was noncommittal.
You were hungry.

You visited 1 branch of the dungeon, and saw 2 of its levels.

You collected 57 gold pieces.

Inventory:

Hand Weapons
 a - a cursed +0 long sword (weapon)
Missiles
 d - 3 throwing nets (quivered)
Armour
 c - a +0 helmet (worn)
 e - a +4 chain mail of positive energy (worn)
Jewellery
 k - an uncursed amulet of faith
Scrolls
 b - a scroll of remove curse
 h - 6 scrolls of identify {unknown}
 l - a scroll of noise {unknown}
 m - a scroll of enchant armour {unknown}
 n - a scroll of teleportation {unknown}
 o - 2 scrolls of immolation {unknown}
Potions
 g - a potion of agility
 i - a potion of invisibility {unknown}
 j - a potion of degeneration {unknown}
 q - a potion of curing {unknown}
 r - a potion of flight {unknown}
Comestibles
 f - 4 rations


   Skills:
 + Level 3.2 Fighting
 * Level 3.9 Long Blades
 - Level 1.7 Throwing
 + Level 2.1 Armour
 - Level 2.4 Dodging


You had 3 spell levels left.
You didn't know any spells.
Your spell library was empty.

Dungeon Overview and Level Annotations

Branches:
Dungeon (2/15)

Altars:
Ashenzari


Innate Abilities, Weirdness & Mutations

You are resistant to torment.
Your stone body is resilient. (AC +3)
You are immune to poison.
You resist negative energy. (rN+)
You are resistant to electric shocks. (rElec)
You can survive without breathing.
You are immune to petrification.
You are immune to rotting.


Message History

Things that are here:
a +0 dagger; a +0 short sword; a kobold corpse You see here 3 stones.
There is an open gate here.
There is a stone staircase leading up here.
The jelly barely misses you.
You climb upwards.
There is a stone staircase leading down here.
You hit the jelly. The acid corrodes you!
Your hands burn!
The jelly is heavily wounded.
The jelly hits you. The acid corrodes you!
You are splashed with acid!
* * * LOW HITPOINT WARNING * * *
There is an open door here.
Okay, then.
It was a potion of agility.
You feel agile all of a sudden. The jelly hits you.
* * * LOW HITPOINT WARNING * * *
You are splashed with acid!
You die...

##########.#.# #. #.#.# #.
#.#.# #. #.#'#### #.
#......# #. #......# #.
##### #......# #.
####...###......# #.
#..J@.......)...# #.
#>##.....)#.....# #.
#.#####...#.....# #.
########## #.# #...#.....#
#. .........####>#
#...##.#### #.
.........')...# ######.#
#.
.........###############.#
## .........#
#.....(....)).# .........#
#.####################


You could see a jelly.

Vanquished Creatures
  Terence (D:2)
  3 adders (D:2)
  An ooze (D:1)
  A worm (D:2)
  3 dart slugs
  3 giant cockroaches (D:1)
  A goblin (D:1)
  6 hobgoblins
  11 kobolds
  5 bats
  A frilled lizard (D:1)
  5 rats (D:1)
41 creatures vanquished.

Vanquished Creatures (others)
  2 fungi (D:2)
  5 toadstools (D:2)
7 creatures vanquished.

Grand Total: 48 creatures vanquished

Notes
Turn   | Place    | Note
-------+----------+-------------------------------------------
     0 | D:1      | Borgoz the Gargoyle Gladiator began the quest for the Orb.
     0 | D:1      | Reached XP level 1. HP: 12/12 MP: 1/1
    78 | D:1      | Reached XP level 2. HP: 18/18 MP: 2/2
   249 | D:1      | Reached skill level 1 in Armour
   656 | D:1      | Reached XP level 3. HP: 21/22 MP: 3/3
   733 | D:1      | You fall into a shaft and drop 1 floor!
   879 | D:2      | Found a shattered altar of Ashenzari.
   882 | D:2      | Reached XP level 4. HP: 19/27 MP: 4/4
   892 | D:2      | Became a worshipper of Ashenzari the Shackled
   912 | D:2      | Noticed Terence
   918 | D:2      | Killed Terence
  1340 | D:1      | HP: 1/28 [jelly (1)]
  1340 | D:1      | Splashed by a jelly's acid

Levels and vault maps discovered:
D:1:      minmay_arrival_wavy_path, layout_basic
D:2:      cheibrodos_fertilizer, layout_loops_cross, evilmike_ruin_ashenzari,
          chequers_jeans, lemuel_blue_sif_altar, uniq_terence

Skill      XL: |  1  2  3  4 |
---------------+-------------+-----
Long Blades    | 3 |  3.9
Armour         | 1 2 |  2.1
Fighting       | 3 |  3.2
Throwing       | |  1.7
Dodging        | |  2.4

Action                   |  1- 3 |  4- 6 || total
-------------------------+-------+-------++-------
Melee: Long sword        |    99 |    38 ||   137
Invok: Curse Item        |       |     1 ||     1
  Use: Potion            |       |     1 ||     1
  Eat: Chunk             |       |     1 ||     1
Armor: Leather armour    |    48 |     1 ||    49
       Chain mail        |       |    39 ||    39
Dodge: Dodged            |    80 |    28 ||   108
       Rpst.: Long sword |    25 |     6 ||    31

Table legend:
 A = Non-vault XP
 B = Vault XP
 C = Vault XP percentage of total XP
 D = Non-vault monster count
 E = Vault monster count
 F = Vault count percentage of total count
                 A         B        C        D         E       F
            +---------+---------+-------+---------+---------+-------
      Total |     102 |      45 |  30.6 |      32 |       9 |  22.0
            +---------+---------+-------+---------+---------+-------
        D:1 |      47 |       0 |   0.0 |      24 |       0 |   0.0
        D:2 |      55 |      45 |  45.0 |       8 |       9 |  52.9
            +---------+---------+-------+---------+---------+-------
